 Dungeon Crawl Stone Soup version 0.29-a0-723-gce39da1c22 (webtiles) character file.

Game seed: 6515379580152332793

19978 Zonian the Covert (level 12, 0/51 HPs)
             Began as a Vine Stalker Ice Elementalist on June 28, 2022.
             Was a High Priest of Okawaru.
             Slain by a troll (6 damage)
             ... on level 10 of the Dungeon on June 29, 2022.
             The game lasted 00:54:02 (18806 turns).

Zonian the Covert (Vine Stalker Ice Elementalist)  Turns: 18806, Time: 00:54:08

Health: 0/51       AC:  7    Str: 13    XL:     12   Next: 74%
Magic:  0/33       EV: 16    Int: 21    God:    Okawaru [*****.]
Gold:   626        SH:  0    Dex: 18    Spells: 12/26 levels left

rFire   . . .      SeeInvis .   V - +2 demon whip (venom)
rCold   . . .      Faith    .   (no shield)
rNeg    . . .      Spirit   +   w - +2 robe {Will+}
rPois   .          Reflect  .   a - +1 hat {Stlth+}
rElec   .          Harm     .   H - +0 cloak
rCorr   .          Rampage  .   (no gloves)
Will    ++...                   t - +0 pair of boots
Stlth   ++++++....              U - amulet of regeneration
HPRegen 1.77/turn               o - +6 ring of intelligence
MPRegen 0.23/turn               A - ring of magical power

@: no status effects
A: fangs 3, regeneration 1, magic shield, antimagic bite, no potion heal 2
a: Renounce Religion, Heroism, Finesse, Duel


You were on level 10 of the Dungeon.
You worshipped Okawaru.
Okawaru was extremely pleased with you.
You visited 2 branches of the dungeon, and saw 11 of its levels.
You also visited: Bailey.

You collected 626 gold pieces.

Inventory:

Hand Weapons
 g - a +0 short sword
 j - a +3 trident
 k - a +5 morningstar
 v - a +2 whip of flaming
 y - a +0 sling
 B - a +3 dagger
 C - a +1 whip of electrocution
 D - a +1 whip of freezing
 K - a +2 vampiric short sword
 N - the +4 whip of Blood-Lust {antimagic, rPois rC+ Stlth+}
   (You found it on level 9 of the Dungeon)

   It reduces the magical energy of the wielder, and disrupts the spells and
   magical abilities of those it strikes.
   Natural abilities and divine invocations are not affected.
   rC:        It protects you from cold.
   rPois:     It protects you from poison.
   Stlth:     It makes you more stealthy.
 P - a +2 whip of pain
 Q - a +1 whip of draining
 V - a +2 demon whip of venom (weapon)
 X - the +2 sling of the Eternal Void {vorpal, rN++ Will- rCorr Int+4}
   (You found it on level 10 of the Dungeon)

   Any ammunition fired from it inflicts extra damage upon your enemies.
   Int:       It affects your intelligence (+4).
   rN:        It greatly protects you from negative energy.
   rCorr:     It protects you from acid and corrosion.
   Will:      It decreases your willpower.
 Y - a +0 shortbow
Missiles
 E - 34 poisoned darts
 F - 16 boomerangs
 O - 2 javelins
 T - 5 curare-tipped darts
Armour
 a - a +1 hat of stealth (worn)
 n - a +0 helmet
 t - a +0 pair of boots (worn)
 w - a +2 robe of willpower (worn)
 H - a +0 cloak (worn)
 I - an orb of mayhem
 M - +0 steam dragon scales
Magical Staves
 G - a staff of air
Jewellery
 o - a +6 ring of intelligence (left hand)
 q - a ring of protection from fire
 A - a ring of magical power (right hand)
 U - an amulet of regeneration (around neck)
Wands
 f - a wand of paralysis (20)
 u - a wand of flame (11)
 J - a wand of mindburst (20)
Scrolls
 e - a scroll of teleportation
 r - 3 scrolls of vulnerability
 z - 2 scrolls of fog
 W - a scroll of magic mapping
 Z - 2 scrolls of identify
Potions
 b - 3 potions of magic
 c - a potion of attraction
 d - a potion of ambrosia
 h - a potion of might
 i - 3 potions of flight
 l - 2 potions of invisibility
 m - 7 potions of haste
 p - 3 potions of mutation
 s - 2 potions of lignification
 x - 2 potions of brilliance
 L - 2 potions of curing
 R - a potion of resistance
 S - a potion of cancellation


   Skills:
 + Level 5.0 Maces & Flails
 - Level 7.2 Dodging
 + Level 10.2 Stealth
 + Level 7.8 Spellcasting
 + Level 7.6 Conjurations
 + Level 9.5 Ice Magic
 + Level 5.0 Air Magic
 + Level 7.1 Invocations


You had 12 spell levels left.
You knew the following spells:

 Your Spells              Type           Power      Damage    Failure   Level
a - Freeze                Ice            100%       1d11      1%          1
b - Frozen Ramparts       Ice            96%        1d11      1%          3
c - Ozocubu's Armour      Ice            48%        N/A       1%          3
d - Hailstorm             Conj/Ice       44%        3d10      2%          4
e - Swiftness             Air            29%        N/A       3%          3

Your spell library contained the following spells:

 Spells                   Type           Power      Damage    Failure   Level
 Foxfire                  Conj/Fire      96%        2x1d8     1%          1
 Shock                    Conj/Air       100%       1d9       1%          1
 Conjure Flame            Conj/Fire      24%        6-21      4%          3
 Airstrike                Air            14%        N/A       11%         4
 Ice Form                 Ice/Tmut       28%        N/A       11%         4
 Flame Wave               Conj/Fire      24%        2d7       17%         4
 Inner Flame              Hex/Fire       8%         N/A       24%         3
 Metabolic Englaciation   Hex/Ice        14%        N/A       30%         5
 Anguish                  Hex/Necr       4%         N/A       63%         4
 Petrify                  Tmut/Erth      8%         N/A       63%         4
 Statue Form              Tmut/Erth      5%         N/A       100%        6
 Enfeeble                 Hex            4%         N/A       100%        7
 Summon Ice Beast         Ice/Summ       Unusable   N/A       N/A         4

Dungeon Overview and Level Annotations

Branches:
Dungeon (10/15)            Temple (1/1) D:5            Lair (0/6) D:9
    Orc (0/2) D:10         Bailey (visited)

Altars:
Ashenzari
Cheibriados
Dithmenos
Elyvilon
Fedhas
Gozag
Hepliaklqana
Kikubaaqudgha
Makhleb
Nemelex Xobeh
Okawaru
Qazlal
Ru
Sif Muna
Trog
Uskayaw
Vehumet
Wu Jian
Xom
Yredelemnul
Zin
The Shining One

Portals:
Abyss: D:4

Annotations:
D:3 1 runed translucent door, chrisa4242's ghost, weakling OpDe
D:4 2 transporters, samgaumpmail's ghost, amateur OpTm


Innate Abilities, Weirdness & Mutations

You have razor-sharp teeth.
Your natural rate of healing is unusually fast.
When hurt, damage is shared between your health and your magic reserves.
Your bite disrupts and absorbs the magic of your enemies.
Potions cannot restore your health.


Message History

You whack the troll! You bite the troll, but do no damage.
The troll is moderately wounded.
The troll closely misses you. The troll claws you! The troll claws you.
You hit the troll but do no damage.
The troll is poisoned.
You bite the troll, but do no damage.
The troll is lightly wounded.
The troll bites you! The troll claws you but does no damage.
The troll claws you!
You barely miss the troll.
The troll is lightly wounded.
You whack the troll!
The troll looks as sick as possible!
The troll is heavily wounded.
The troll bites you but does no damage. The troll closely misses you.
The troll completely misses you.
Unknown command.
You closely miss the troll.
The troll is heavily wounded.
The troll bites you! The troll misses you. The troll claws you.
Unknown command.
You barely miss the troll. You bite the troll. You drain its power.
You feel invigorated.
The troll is severely wounded.
The troll bites you!
* * * LOW HITPOINT WARNING * * *
The troll claws you!
* * * LOW HITPOINT WARNING * * *
The troll completely misses you.
You hit the troll but do no damage.
The troll looks as sick as possible!
You bite the troll. You drain its power.
You feel invigorated.
The troll is severely wounded.
The troll bites you but does no damage. The troll closely misses you.
The troll claws you.
* * * LOW HITPOINT WARNING * * *
Aiming: Mindburst
Press: ? - help, Shift-Dir - straight line, f - troll
Aim: a troll (severely wounded, extremely poisoned, chance to affect: 64%)
The troll struggles to resist.
The troll bites you!
* * * LOW HITPOINT WARNING * * *
The troll claws you!
You die...

#>...[...# ##................
###....#[## #............>....
#..####.## #########...........
#### #..###.. #...#...........
##..[.#.8 ._.#...........
###.....#.. ...#...........
######.<.###.##.######...........
#.##...####..#.T.#.8.#...........
##...#####...#8.@....#...........
#..######)...#...#...#...........
###.##...<#########'##...........
#..............................
#..............................
##..............................
#...............................
##.............................#.
#..............................#.


You could see a troll (extremely poisoned).

Vanquished Creatures
  Gastronok (D:10)
  A boulder beetle (D:10)
  2 two-headed ogres
  Amaemon (D:10)
  Pikel (D:4)
  An orc knight (Bailey)
  An orange demon (D:10)
  Maggie (D:8)
  Psyche (D:8)
  A kobold demonologist (D:9)
  2 hornets
  Prince Ribbit (D:6)
  6 yaks (D:10)
  A wraith (D:9)
  3 wyverns
  Menkaure (D:5)
  An acid dragon (D:10)
  2 water moccasins
  9 orc warriors
  2 black bears
  5 ogres
  3 centaurs
  2 phantoms
  9 kobold brigands
  2 bullfrogs (D:7)
  4 gnoll sergeants
  4 scorpions
  2 necrophages (D:5)
  5 wights
  4 killer bees
  5 howler monkeys (D:9)
  2 jellies
  A hound (D:5)
  10 orc priests
  2 gnoll shamans
  10 iguanas
  Natasha (thrice) (D:2)
  13 orc wizards
  25 gnolls
  12 adders
  A shadow imp (D:6)
  3 ufetubi
  3 worms
  66 orcs
  3 endoplasms
  4 giant cockroaches
  9 goblins
  6 hobgoblins
  5 jackals
  18 kobolds
  5 quokkas
  4 ball pythons
  7 bats
  2 frilled lizards
  8 rats
306 creatures vanquished.

Notes
Turn   | Place    | Note
-------+----------+-------------------------------------------
     0 | D:1      | Zonian the Vine Stalker Ice Elementalist began the quest
                  | for the Orb.
     0 | D:1      | Reached XP level 1. HP: 9/9 MP: 4/4
   726 | D:1      | Found a faded altar of an unknown god.
   839 | D:1      | Reached XP level 2. HP: 10/13 MP: 1/6
  1440 | D:2      | Noticed Natasha
  1446 | D:2      | Killed Natasha
  1447 | D:2      | Reached skill level 3 in Stealth
  1447 | D:2      | Reached XP level 3. HP: 12/16 MP: 2/8
  2077 | D:2      | Gained mutation: Your natural rate of healing is unusually
                  | fast. [Vine Stalker growth]
  2077 | D:2      | Reached XP level 4. HP: 21/21 MP: 7/9
  2924 | D:2      | Noticed Natasha
  2933 | D:2      | Killed Natasha
  2950 | D:2      | Noticed Natasha
  2967 | D:2      | Killed Natasha
  2968 | D:2      | Reached skill level 4 in Stealth
  2968 | D:2      | Reached XP level 5. HP: 24/24 MP: 5/10
  4165 | D:3      | Found a runed translucent door.
  4393 | D:3      | Reached XP level 6. HP: 28/28 MP: 10/12
  4498 | D:3      | Noticed a water moccasin
  5284 | D:3      | Reached skill level 5 in Ice Magic
  5378 | D:3      | Killed a water moccasin
  5379 | D:3      | Reached skill level 5 in Stealth
  5607 | D:3      | Noticed chrisa4242's ghost (weakling OpDe)
  5692 | D:4      | Learned a level 3 spell: Frozen Ramparts
  5696 | D:4      | Learned a level 3 spell: Ozocubu's Armour
  5701 | D:4      | Learned a level 4 spell: Hailstorm
  5716 | D:4      | Found a one-way gate to the infinite horrors of the Abyss.
  5716 | D:4      | Noticed samgaumpmail's ghost (amateur OpTm)
  5718 | D:4      | Noticed Pikel
  5823 | D:4      | Reached XP level 7. HP: 24/32 MP: 6/14
  6242 | D:4      | Noticed a small abomination
  6341 | D:4      | Found a transporter.
  6381 | D:4      | Reached skill level 1 in Conjurations
  6416 | D:4      | Killed Pikel
  6417 | D:4      | Reached skill level 6 in Stealth
  6417 | D:4      | Gained mutation: You have razor-sharp teeth. [Vine Stalker
                  | growth]
  6417 | D:4      | Reached XP level 8. HP: 30/36 MP: 11/16
  6498 | D:4      | Found a transporter.
  6605 | D:5      | Entered Level 5 of the Dungeon
  6618 | D:5      | Found a staircase to the Ecumenical Temple.
  6630 | Temple   | Entered the Ecumenical Temple
  6821 | Temple   | Became a worshipper of Warmaster Okawaru
  6845 | D:5      | Reached skill level 5 in Spellcasting
  6952 | D:5      | Noticed Menkaure
  6966 | D:5      | Killed Menkaure
  6967 | D:5      | Reached skill level 1 in Invocations
  7040 | D:5      | Found a white marble altar of Elyvilon.
  7078 | D:5      | Reached * piety under Okawaru
  7821 | D:5      | Noticed a hornet
  7889 | D:5      | Reached skill level 7 in Stealth
  7928 | D:5      | Reached skill level 1 in Maces & Flails
  7928 | D:5      | Reached XP level 9. HP: 38/39 MP: 18/18
  8234 | D:5      | Reached ** piety under Okawaru
  8269 | D:5      | Paralysed by a hornet for 1 turns
  8271 | D:5      | Killed a hornet
 10043 | D:7      | Reached skill level 5 in Dodging
 10043 | D:7      | Reached *** piety under Okawaru
 10046 | D:7      | Reached skill level 8 in Stealth
 10066 | D:7      | Reached XP level 10. HP: 41/44 MP: 20/20
 10095 | D:7      | Noticed Prince Ribbit
 10228 | D:6      | Killed Prince Ribbit
 10574 | D:7      | Noticed a two-headed ogre
 11084 | D:7      | Killed a two-headed ogre
 11084 | D:7      | Reached **** piety under Okawaru
 11085 | D:7      | Reached skill level 5 in Conjurations
 12369 | D:8      | Noticed Psyche
 12436 | D:8      | Paralysed by a hornet for 2 turns
 12480 | D:8      | Found an opulent altar of Gozag.
 12576 | D:8      | Found a basalt altar of Yredelemnul.
 13261 | D:8      | Noticed a two-headed ogre
 13274 | D:8      | Killed a two-headed ogre
 13388 | D:8      | Noticed Maggie
 13405 | D:8      | Killed Maggie
 13406 | D:8      | Reached skill level 9 in Stealth
 13737 | D:8      | Killed Psyche
 14014 | D:9      | Identified the +4 whip of Blood-Lust {antimagic, rPois rC+
                  | Stlth+}
 14048 | D:9      | Received a gift from Okawaru
 14070 | D:9      | Learned a level 3 spell: Swiftness
 14091 | D:9      | Reached skill level 5 in Invocations
 14115 | D:9      | Reached XP level 11. HP: 29/47 MP: 22/22
 14221 | D:9      | Found a flagged portal.
 14236 | Bailey   | Entered a bailey
 14617 | Bailey   | Noticed an orc knight
 14627 | Bailey   | Killed an orc knight
 14628 | Bailey   | Reached skill level 1 in Air Magic
 15038 | D:9      | Found a blossoming altar of Fedhas.
 15053 | D:9      | Reached XP level 12. HP: 51/51 MP: 23/23
 15266 | D:9      | Found a shimmering blue altar of Sif Muna.
 15390 | D:9      | Found a staircase to the Lair.
 15719 | D:9      | Found a sacrificial altar of Ru.
 15719 | D:9      | Found a hide-covered altar of Uskayaw.
 15932 | D:10     | Entered Level 10 of the Dungeon
 16177 | D:10     | Found a sparkling altar of Nemelex Xobeh.
 16251 | D:10     | Noticed Amaemon
 16259 | D:10     | Killed Amaemon
 16262 | D:10     | Reached ***** piety under Okawaru
 16817 | D:10     | Identified the +2 sling of the Eternal Void {vorpal, rN++
                  | Will- rCorr Int+4}
 16832 | D:10     | Noticed Gastronok
 16895 | D:10     | Killed Gastronok
 16896 | D:10     | Reached skill level 10 in Stealth
 17635 | D:10     | Noticed a boulder beetle
 17648 | D:10     | Killed a boulder beetle
 17648 | D:10     | Received a gift from Okawaru
 17970 | D:10     | Found a staircase to the Orcish Mines.
 18173 | D:10     | Reached skill level 5 in Air Magic
 18769 | D:10     | Reached skill level 5 in Maces & Flails
 18791 | D:10     | Found an ornate altar of the Wu Jian Council.
 18806 | D:10     | Slain by a troll

Illustrated notes

Levels and vault maps discovered:
D:1:      minmay_arrival_diagonal_passages, layout_basic,
          chequers_ecumenical_altar_island
D:2:      layout_basic, uniq_natasha
D:3:      minmay_skewed_foursquare, layout_basic, gammafunk_ghost_grave,
          minmay_divided_ellipse
D:4:      layout_rooms, gammafunk_ghost_abyssal_escape, grunt_decor_cap,
          uniq_pikel
D:5:      minmay_clustersquares, layout_loops_cross,
          mainiacjoe_overflow_six_doors_small,
          minmay_temple_entry_drinking_statues, minmay_misc_feat_hallway,
          kennysheep_generic_room_3, uniq_menkaure
D:6:      layout_gridville
D:7:      layout_basic, uniq_prince_ribbit1
D:8:      layout_gridville, yredelemnul_altar_generic, grunt_gozag_statues,
          uniq_maggie, uniq_psyche
D:9:      layout_irregular_city, fedhas_altar_2,
          gammafunk_temple_overflow_pools, mainiacjoe_overflow_alcove_4,
          lair_entry_dummy, enter_bailey_3
D:10:     layout_layer_cave, nicolae_wu_jian_immortal_techniques,
          nemelex_xobeh_ov_fountains_minmay,
          kennysheep_orc_monster_closet_entryway, special_room
          [special_room_orc], uniq_amaemon, uniq_gastronok
Temple:   compressed_dpeg_triangle_lava_temple

Skill      XL: |  1  2  3  4  5  6  7  8  9 10 11 12 |
---------------+-------------------------------------+-----
Dodging        | 2 3 4 5 6 7 |  7.2
Stealth        | 3 4 5 6 7 8 9 10 | 10.2
Spellcasting   | 3 4 5 6 7 |  7.8
Ice Magic      | 5 6 7 8 9 |  9.5
Conjurations   | 2 3 4 5 7 |  7.6
Invocations    | 2 3 5 6 7 |  7.1
Maces & Flails | 1 2 4 5 |  5.0
Air Magic      | 4 5 |  5.0

Action                   |  1- 3 |  4- 6 |  7- 9 | 10-12 || total
-------------------------+-------+-------+-------+-------++-------
Melee: Unarmed           |     8 |       |       |       ||     8
       Bite              |     6 |    24 |    82 |   134 ||   246
       Dagger            |       |    79 |    42 |       ||   121
       Whip              |       |       |   185 |   293 ||   478
       Punch             |       |       |     3 |     9 ||    12
       Morningstar       |       |       |       |     2 ||     2
       Short sword       |       |       |       |     3 ||     3
       Demon whip        |       |       |       |   114 ||   114
 Fire: Sling             |       |       |     2 |     5 ||     7
       Shortbow          |       |       |       |     2 ||     2
Throw: Throwing net      |       |       |       |     1 ||     1
       Javelin           |       |       |       |     3 ||     3
 Cast: Freeze            |    22 |    80 |     7 |     7 ||   116
       Frozen Ramparts   |       |       |    24 |    31 ||    55
       Ozocubu's Armour  |       |       |     5 |     5 ||    10
       Hailstorm         |       |       |       |     8 ||     8
Invok: Heroism           |       |       |       |     3 ||     3
Evoke: Wand              |       |       |     9 |     4 ||    13
  Use: Scroll            |       |    13 |     2 |    13 ||    28
       Potion            |       |       |       |     3 ||     3
 Stab: Sleeping          |       |     9 |     2 |    19 ||    30
Armor: Robe              |     7 |    41 |    59 |    86 ||   193
Dodge: Dodged            |    15 |   118 |   136 |   273 ||   542

Table legend: (Time is in decaauts)
 A = Elapsed time spent in this place.
 B = Non-inter-level travel time spent in this place.
 C = Inter-level travel time spent in this place.
 D = Time resting spent in this place.
 E = Time spent auto-exploring this place.
 F = Levels seen in this place.
 G = Mean time per level.
                   A        B        C        D        E       F      G
               +--------+--------+--------+--------+--------+-----+--------+
         Total |  18807 |  18369 |    438 |   8425 |   6094 |  12 | 1567.2 |
       Dungeon |  17839 |  17410 |    429 |   7972 |   5946 |  10 | 1783.9 |
        Temple |    200 |    191 |      9 |      0 |    146 |   1 |  200.0 |
        Bailey |    767 |    767 |      0 |    453 |      2 |   1 |  767.0 |
               +--------+--------+--------+--------+--------+-----+--------+

Top non-repeatable levels by time:
    D:10: 2637 daAuts
     D:2: 2476 daAuts
     D:6: 2005 daAuts
     D:8: 1904 daAuts
     D:5: 1858 daAuts
     D:3: 1827 daAuts
     D:7: 1431 daAuts
     D:9: 1391 daAuts
     D:1: 1348 daAuts
     D:4: 958 daAuts
  Bailey: 767 daAuts
  Temple: 200 daAuts
